 Dungeon Crawl Stone Soup version 0.29.1-15-g9cfb28693d (webtiles) character file.

Game seed: 14258008040892798171

69 Acheron the Grasshopper (level 4, 0/33 HPs)
             Began as a Demonspawn Warper on Apr 12, 2023.
             Slain by an iguana (10 damage)
             ... on level 4 of the Dungeon.
             The game lasted 00:05:14 (1660 turns).

Acheron the Grasshopper (Demonspawn Warper)         Turns: 1660, Time: 00:05:14

Health: 0/33       AC:  5    Str: 11    XL:     4   Next: 2%
Magic:  7/7        EV: 12    Int: 15    God:
Gold:   128        SH:  0    Dex: 14    Spells: 7/7 levels left

rFire   . . .      SeeInvis .   a - +1 hand axe
rCold   . . .      Faith    .   (no shield)
rNeg    . . .      Spirit   .   b - +0 leather armour
rPois   .          Reflect  .   (no helmet)
rElec   .          Harm     .   (no cloak)
rCorr   .          Rampage  .   (no gloves)
Will    .....                   (no boots)
Stlth   +.........              f - amulet of the acrobat
HPRegen 0.11/turn               (no ring)
MPRegen 0.10/turn               (no ring)

@: about to teleport
A: hooves 1, thin metallic scales 1
a: no special abilities


You were on level 4 of the Dungeon.
You visited 1 branch of the dungeon, and saw 4 of its levels.

You collected 128 gold pieces.

Inventory:

Hand Weapons
 a - a +1 hand axe (weapon)
 e - a +0 falchion
 g - a +0 long sword
Missiles
 d - 7 boomerangs of dispersal (quivered)
Armour
 b - a +0 leather armour (worn)
Jewellery
 f - an amulet of the acrobat (around neck)
Scrolls
 c - 2 scrolls of blinking
 k - a scroll of teleportation
Potions
 h - a potion of lignification {unknown}
 i - a potion of brilliance {unknown}
 j - a potion of degeneration {unknown}
 l - a potion of flight {unknown}
 m - a potion of heal wounds {unknown}
 n - a potion of curing {unknown}


   Skills:
 * Level 2.3 Fighting
 * Level 2.2 Axes
 * Level 1.2 Throwing
 * Level 1.2 Armour
 * Level 2.2 Dodging
 * Level 0.5 Stealth
 * Level 2.3 Spellcasting
 * Level 3.1 Translocations


You had 7 spell levels left.
You didn't know any spells.
Your spell library contained the following spells:

 Spells                   Type           Power      Damage    Failure   Level
 Blink                    Tloc           22%        N/A       12%         2
 Gell's Gravitas          Tloc           11%        N/A       24%         3
 Lesser Beckoning         Tloc           11%        N/A       24%         3
 Teleport Other           Tloc           11%        N/A       24%         3
 Manifold Assault         Tloc           11%        N/A       91%         5


Dungeon Overview and Level Annotations

Branches:
Dungeon (4/15)
 Temple: D:4-7

Altars:
Okawaru


Innate Abilities, Weirdness & Mutations

You have large cloven feet.
You are partially covered in thin metallic scales. (AC +2)


Message History

You hit the dart slug.
The dart slug is moderately wounded.
The dart slug closely misses you.
You hit the dart slug.
The dart slug is moderately wounded.
The dart slug launches a dart at you. The slug dart misses you.
You slash the dart slug!
The dart slug is almost dead.
The dart slug bites you but does no damage.
You slash the dart slug!
You kill the dart slug!
You have reached level 4!
You feel clever.
Your demonic ancestry asserts itself...
Your feet thicken and deform.
You start resting.
HP restored.
There is a stone staircase leading down here.
You climb downwards.
There is a stone staircase leading up here.
The helpless iguana fails to defend itself.
You hit the iguana.
The iguana is lightly wounded.
The iguana barely misses you.
You hit the iguana but do no damage. You kick the iguana.
The iguana is moderately wounded.
The iguana bites you!
You hit the iguana but do no damage. Your kick misses the iguana.
The iguana is moderately wounded.
The iguana closely misses you.
You hit the iguana.
The iguana is moderately wounded.
The iguana bites you!
* * * LOW HITPOINT WARNING * * *
Okay, then.
As you read the scroll of teleportation, it crumbles to dust.
You feel strangely unstable.
The iguana bites you but does no damage.
The iguana attacks as you move away! The iguana bites you!
You die... #######.# #..l@...# #.#######

You could see an iguana.

Vanquished Creatures
  Jessica (D:3)
  An adder (D:3)
  2 dart slugs
  An orc (D:3)
  2 bats
  An endoplasm (D:1)
  2 giant cockroaches
  2 goblins (D:3)
  3 hobgoblins
  5 kobolds
  A quokka (D:3)
  A ball python (D:1)
  3 frilled lizards
  5 rats
30 creatures vanquished.

Notes
Turn   | Place    | Note
-------+----------+-------------------------------------------
     0 | D:1      | Acheron the Demonspawn Warper began the quest for the Orb.
     0 | D:1      | Reached XP level 1. HP: 16/16 MP: 3/3
   320 | D:3      | Reached skill level 1 in Throwing
   320 | D:3      | Reached skill level 1 in Armour
   320 | D:3      | Gained mutation: You are partially covered in thin metallic
                  | scales. (AC +2) [demonic ancestry]
   320 | D:3      | Reached XP level 2. HP: 19/22 MP: 5/5
   364 | D:3      | Found an iron altar of Okawaru.
   421 | D:3      | Reached skill level 3 in Translocations
   888 | D:2      | Found a faded altar of an unknown god.
   944 | D:2      | Reached XP level 3. HP: 24/27 MP: 6/6
  1503 | D:3      | Noticed Jessica
  1512 | D:3      | Killed Jessica
  1526 | D:3      | Gained mutation: You have large cloven feet. [demonic
                  | ancestry]
  1526 | D:3      | Reached XP level 4. HP: 19/33 MP: 7/7
  1660 | D:4      | Slain by an iguana

Illustrated notes

Levels and vault maps discovered:
D:1:      dpeg_arrival_shelter, layout_rooms, serial_corexii_hall,
          chequers_hall_statues_y, corexii_hall_statues_t,
          corexii_hall_statues_x, chequers_hall_statues_wall_a
D:2:      layout_loops_ring, shapermc_ecumenical_altar_mp_highgroup,
          nicolae_figureground_sparkle
D:3:      layout_rooms, okawaru_ov_weapons_minmay, grunt_qazlal_sundering,
          chequers_serial_rivers_small_3, dreamdust_wishing_well, uniq_jessica
D:4:      cheibrodos_barr_body, layout_loops_ring, dancing_weapons_uskayaw,
          general_overflow_altar, amcnicky_altar_gilded,
          minmay_temple_entry_mist, uniq_ijyb

Skill      XL: |  1  2  3 |
---------------+----------+-----
Dodging        | 2 |  2.2
Throwing       | 1 |  1.2
Armour         | 1 |  1.2
Translocations | 3 |  3.1
Axes           | 2 |  2.2
Fighting       | |  2.3
Stealth        | |  0.5
Spellcasting   | |  2.3

Action                   |  1- 3 |  4- 6 || total
-------------------------+-------+-------++-------
Melee: Hand axe          |   111 |     4 ||   115
       Punch             |     1 |       ||     1
       Kick              |       |     1 ||     1
  Use: Scroll            |     4 |     1 ||     5
 Stab: Sleeping          |     1 |     1 ||     2
Armor: Leather armour    |    26 |     1 ||    27
Dodge: Dodged            |    66 |     2 ||    68
